 Dungeon Crawl Stone Soup version 0.25-a0-248-g18654cf (webtiles) character file.

Game seed: 7644221987705411833, levelgen mode: deterministic

327 DrEnzyme the Skirmisher (level 6, -4/51 (52) HPs)
             Began as a Ghoul Wanderer on Dec 3, 2019.
             Slain by a bullfrog (5 damage)
             ... on level 6 of the Dungeon.
             The game lasted 00:14:51 (5660 turns).

DrEnzyme the Skirmisher (Ghoul Wanderer)            Turns: 5660, Time: 00:14:51

HP:   -4/51 (52)    AC:  9    Str: 17    XL:     6   Next: 50%
MP:   6/6           EV: 10    Int:  7    God:
Gold: 142           SH:  0    Dex:  9    Spells: 6/7 levels left

rFire    . . .     SeeInvis +   i - +1 war axe "Luih" {drain, -Tele rN+++ MR+ SInv}
rCold    + . .     Gourm    .   (no shield)
rNeg     + + +     Faith    .   o - +0 scale mail
rPois    ∞         Spirit   .   (no helmet)
rElec    .         Reflect  .   (no cloak)
rCorr    .         Harm     .   (no gloves)
MR       +....     NoTele   +   (no boots)
Stlth    ..........             (no amulet)
HPRegen  0.00/turn              s - +3 ring of protection
MPRegen  0.10/turn              (no ring)

@: rotting
A: rotting body, claws 1, carnivore, cold resistance 1, negative energy
resistance 3, inhibited regeneration, torment resistance, unbreathing
a: no special abilities


You were on level 6 of the Dungeon.
You were not hungry.

You visited 1 branch of the dungeon, and saw 6 of its levels.

You collected 142 gold pieces.

Inventory:

Hand Weapons
 e - a +0 mace
 i - the +1 war axe "Luih" (weapon) {drain, -Tele rN+++ MR+ SInv}
   (You found it on level 6 of the Dungeon)

   A truly terrible weapon, it drains the life of those it strikes.
   It renders you almost immune to negative energy.
   It affects your resistance to hostile enchantments.
   It lets you see invisible.
   It prevents most forms of teleportation.
Missiles
 h - 98 stones (quivered)
Armour
 d - a +0 robe
 o - a +0 scale mail (worn)
Jewellery
 s - a +3 ring of protection (left claw)
Scrolls
 b - a scroll of magic mapping
 c - 3 scrolls of teleportation
 j - 2 scrolls of enchant weapon {unknown}
 n - a scroll of amnesia {unknown}
 u - a scroll of fog {unknown}
Potions
 a - a potion of flight {unknown}
 g - a potion of agility {unknown}
 k - 2 potions of haste
 m - a potion of might {unknown}
 p - 2 potions of curing
 q - 2 potions of heal wounds
 t - a potion of invisibility {unknown}
 w - a potion of magic {unknown}
Comestibles
 f - 5 rations


   Skills:
 + Level 4.1 Fighting
 + Level 0.2(1.9) Axes
 + Level 3.1 Maces & Flails
 + Level 1.5 Armour
 + Level 2.3 Dodging
 + Level 2.0 Stealth
   Level 1.0 Shields
 + Level 1.2 Spellcasting
   Level 3.6 Charms
 + Level 0.7 Earth Magic


You had 6 spell levels left.
You knew the following spells:

 Your Spells              Type           Power        Failure   Level  Hunger
a - Sandblast             Erth           #.....       71%         1    ##.....

Your spell library contained the following spells:

 Spells                   Type           Power        Failure   Level  Hunger
 Infusion                 Chrm           #...         32%         1    ##.....
 Song of Slaying          Chrm           #.......     43%         2    ###....
 Shroud of Golubria       Chrm/Tloc      #.....       71%         2    ###....
 Regeneration             Chrm/Necr      #.........   90%         3    ####...
 Spectral Weapon          Hex/Chrm       #.......     90%         3    ####...
 Stone Arrow              Conj/Erth      #.....       98%         3    ####...


Dungeon Overview and Level Annotations

Branches:
Dungeon (6/15)
 Temple: D:4-7

Altars:
Gozag
Sif Muna
Xom
Yredelemnul
Zin


Innate Abilities, Weirdness & Mutations

Your body is rotting away.
You thrive on raw meat.
You are immune to poison.
You have sharp fingernails.
You are carnivorous and can eat meat at any time.
Your flesh is cold resistant. (rC+)
You are immune to negative energy. (rN+++)
You do not regenerate when monsters are visible.
You are immune to unholy pain and torment.
You can survive without breathing.


Message History

You closely miss the adder skeleton.
A wyvern skeleton comes into view.
The orc priest mumbles some strange prayers to Beogh against you.
Beogh smites you!
* * * LOW HITPOINT WARNING * * *
The bullfrog hits you but does no damage.
The adder skeleton bites you but does no damage.
The orc wizard casts a spell at you. The magic dart hits you.
* * * LOW HITPOINT WARNING * * *
The orc priest calls down the wrath of Beogh upon you.
Beogh smites you!
* * * LOW HITPOINT WARNING * * *
You hit the orc priest. You drain the orc priest.
The orc priest is heavily wounded.
You closely miss the bullfrog.
Your scale mail prevents you from hitting the orc wizard.
You hit the adder skeleton but do no damage.
The bullfrog hits you.
You die...

#.......#
###.._...########
..............>.#
##+###...........#.#
...................#
..............<....#+
......................
...........)Z.........
...........@o.........
##.#.##...oF.......#..
#.#$..............# .
# ####...........##
..............#
###J...........#
.#Z........#.#
#.#.#######.#


You could see a bullfrog, a jelly, an orc priest, an orc wizard, an adder
skeleton and a wyvern skeleton.

Vanquished Creatures
  A hound (D:4)
  An orc priest (D:5)
  An orc wizard (D:5)
  A jelly (D:5)
  9 adders
  A worm (D:3)
  5 dart slugs
  2 leopard geckos (D:2)
  13 orcs
  A ball python (D:2)
  9 giant cockroaches
  13 goblins
  5 hobgoblins
  7 jackals
  2 quokkas
  3 bats (D:1)
  3 frilled lizards
  15 kobolds
  12 rats
104 creatures vanquished.

Notes
Turn   | Place    | Note
-------+----------+-------------------------------------------
     0 | D:1      | DrEnzyme the Ghoul Wanderer began the quest for the Orb.
     0 | D:1      | DrEnzyme set off with the following items: a +0 club, a
                  | scroll of teleportation, a +0 robe, a ration; and the
                  | following spells available to memorise: Infusion, Song of
                  | Slaying, Shroud of Golubria, Sandblast, Regeneration,
                  | Spectral Weapon, Stone Arrow
     0 | D:1      | Reached XP level 1. HP: 17/17 MP: 1/1
     2 | D:1      | Learned a level 1 spell: Sandblast
   216 | D:1      | Reached XP level 2. HP: 16/25 MP: 0/2
   737 | D:1      | Reached skill level 1 in Maces & Flails
   737 | D:1      | Reached XP level 3. HP: 30/30 MP: 3/3
   766 | D:1      | Reached skill level 3 in Fighting
  1267 | D:2      | Found a shimmering blue altar of Sif Muna.
  1670 | D:2      | Upgraded the game from 0.25-a0-246-g58704a1 to
                  | 0.25-a0-248-g18654cf
  1717 | D:2      | Reached skill level 1 in Dodging
  1717 | D:2      | Reached XP level 4. HP: 23/35 MP: 2/4
  1769 | D:2      | Found an opulent altar of Gozag.
  1835 | D:2      | Found a basalt altar of Yredelemnul.
  3277 | D:2      | Reached XP level 5. HP: 43/45 MP: 5/5
  4138 | D:3      | Found a glowing silver altar of Zin.
  4884 | D:4      | Reached XP level 6. HP: 46/52 MP: 6/6
  5181 | D:4      | You fall into a shaft and drop 2 floors!
  5181 | D:6      | Found a shimmering altar of Xom.
  5183 | D:6      | Got an ichor-stained war axe
  5192 | D:5      | Entered Level 5 of the Dungeon
  5221 | D:5      | Identified the cursed +1 war axe "Luih" {drain, -Tele rN+++
                  | MR+ SInv} (You found it on level 6 of the Dungeon)
  5236 | D:5      | Reached skill level 4 in Fighting
  5580 | D:5      | Noticed a phantom
  5659 | D:6      | HP: 1/51 [orc priest/divine providence (12)]
  5660 | D:6      | Slain by a bullfrog

Levels and vault maps discovered:
D:1:      lemuel_arrival_room, layout_basic
D:2:      minmay_chambers_of_twos, layout_loops_ring, grunt_gozag_statues,
          overflow_temple_1_default, led_sif_pool
D:3:      layout_basic, zin_statuary, first_ration, chequers_decorated_corner
D:4:      layout_cave_pools
D:5:      layout_basic, kennysheep_generic_room_2
D:6:      layout_basic, serial_shops, nicolae_shop_statue_plus, basic_altar,
          tgw_xom

Skill      XL: |  1  2  3  4  5  6 |
---------------+-------------------+-----
Maces & Flails | 1 2 3 |  3.1
Fighting       | 3 4 |  4.1
Dodging        | 1 2 |  2.3
Stealth        | 2 |  2.0
Axes           | |  0.2
Armour         | |  1.5
Shields        | |  1.0
Spellcasting   | |  1.2
Charms         | |  3.6
Earth Magic    | |  0.7

Action                   |  1- 3 |  4- 6 || total
-------------------------+-------+-------++-------
Melee: Mace              |   112 |   282 ||   394
       War axe           |       |    28 ||    28
 Cast: Sandblast         |     4 |     1 ||     5
  Use: Scroll            |       |     7 ||     7
       Potion            |       |     1 ||     1
 Stab: Sleeping          |     3 |     5 ||     8
  Eat: Chunk             |     2 |    28 ||    30
Armor: Robe              |    31 |    18 ||    49
       Scale mail        |       |   163 ||   163
Dodge: Dodged            |   103 |   221 ||   324

Table legend:
 A = Non-vault XP
 B = Vault XP
 C = Vault XP percentage of total XP
 D = Non-vault monster count
 E = Vault monster count
 F = Vault count percentage of total count
                 A         B        C        D         E       F
            +---------+---------+-------+---------+---------+-------
      Total |     442 |      26 |   5.6 |      96 |       8 |   7.7
            +---------+---------+-------+---------+---------+-------
        D:1 |      48 |       0 |   0.0 |      24 |       0 |   0.0
        D:2 |      92 |      26 |  22.0 |      26 |       8 |  23.5
        D:3 |      80 |       0 |   0.0 |      27 |       0 |   0.0
        D:4 |      84 |       0 |   0.0 |       9 |       0 |   0.0
        D:5 |     130 |       0 |   0.0 |       7 |       0 |   0.0
        D:6 |       8 |       0 |   0.0 |       3 |       0 |   0.0
            +---------+---------+-------+---------+---------+-------
